Workbook
Name _EST10: [1]Mem_calc!#REF!
Name _EST10: [1]Mem_calc!#REF!
Name _EST10: #REF!
Name _EST10: #REF!
Name _EST5: [1]Mem_calc!#REF!
Name _EST5: [1]Mem_calc!#REF!
Name _EST5: #REF!
Name _EST5: #REF!
Name AGETOP: [1]Orçamento!$A:$F
Name AGETOP: [1]Orçamento!$A:$F
Name AGETOP: #REF!
Name AMPL: [2]Orçamento!#REF!
Name AMPL: [2]Orçamento!#REF!
Name AMPL: #REF!
Name AMPL: #REF!
Name BARR: [1]Mem_calc!#REF!
Name BARR: [1]Mem_calc!#REF!
Name BARR: #REF!
Name BARR: #REF!
Name bBL: [1]Mem_calc!#REF!
Name bBL: [1]Mem_calc!#REF!
Name bBL: #REF!
Name bBL: #REF!
Name BLq: [1]Mem_calc!#REF!
Name BLq: [1]Mem_calc!#REF!
Name BLq: #REF!
Name BLq: #REF!
Name Bpil: [1]Mem_calc!#REF!
Name Bpil: [1]Mem_calc!#REF!
Name Bpil: #REF!
Name Bpil: #REF!
Name Bvb: [1]Mem_calc!#REF!
Name Bvb: [1]Mem_calc!#REF!
Name Bvb: #REF!
Name Bvc: [1]Mem_calc!#REF!
Name Bvc: [1]Mem_calc!#REF!
Name Bvc: #REF!
Name Dest: [1]Mem_calc!#REF!
Name Dest: [1]Mem_calc!#REF!
Name Dest: #REF!
Name duto: [2]Orçamento!#REF!
Name duto: [2]Orçamento!#REF!
Name duto: #REF!
Name duto: #REF!
Name encD: [3]dados!$L$48
Name encD: [3]dados!$L$48
Name encD: #REF!
Name Excel_BuiltIn__FilterDatabase_3: #REF!
Name Excel_BuiltIn_Print_Area_1_1: #REF!
Name Excel_BuiltIn_Print_Area_4: #REF!
Name Excel_BuiltIn_Print_Area_5_1: #REF!
Name FERest: [1]Mem_calc!#REF!
Name FERest: [1]Mem_calc!#REF!
Name FERest: #REF!
Name func: [1]Mem_calc!#REF!
Name func: [1]Mem_calc!#REF!
Name func: #REF!
Name FUND10: [1]Mem_calc!#REF!
Name FUND10: [1]Mem_calc!#REF!
Name FUND10: #REF!

Sheet BDI (2)
H3: ESTADO DE GOIÁS
H4: MUNICÍPIO DE BOM JESUS
C6: COMPOSIÇÃO DA PARCELA DE BDI
C7: PLANILHA ANALÍTICA DE BONIFICAÇÃO E DESPESAS INDIRETAS
C8: (COM DESONERAÇÃO DA MÃO DE OBRA)
C9: 1.0 | D9: DESPESAS INDIRETAS | P9: % sobre Preço de Venda
C10: 1.1 | D10: ADMINISTRAÇÃO DA OBRA | P10: =P11+P12+P13+P14 -> 5.36
C11: A | D11: Administração Central | P11: 3 | R11: =P11/100 -> 0.03
C12: B | D12: Despesas Financeiras | P12: 0.59 | R12: =P12/100 -> 0.0059
C13: C | D13: Risco | P13: 0.97 | R13: =P13/100 -> 0.0097
C14: D | D14: Seguros e Garantias | P14: 0.8 | R14: =P14/100 -> 0.008
C15: 1.2 | D15: TRIBUTO | P15: =P16+P17+P18+P19 -> 12.8 | R15: =R16+R17+R18+R19 -> 0.128
C16: E | D16: PIS | P16: 0.65 | R16: =P16/100 -> 0.0065
C17: F | D17: COFINS | P17: 3.65 | R17: =P17/100 -> 0.0365
C18: G | D18: ISS | P18: 4 | R18: =P18/100 -> 0.04
C19: H | D19: CPRB | P19: 4.5 | R19: =P19/100 -> 0.045
C20: 2.0 | D20: LUCRO | P20: =P21 -> 6.16
C21: I | D21: Lucro | P21: 6.16 | R21: =P21/100 -> 0.0616
D23: BDI = | F23: (1+AC+S+R+G)*(1+DF)*(1+L)
F24: ________________________ | K24: -1
H25: (1-l)
C26: SENDO:
D27: AC: | F27: taxa de administração central;
D28: S: | F28: taxa de seguros;
D29: R: | F29: taxa de riscos;
D30: G: | F30: taxa de garantias;
D31: DF: | F31: taxa de despesas financeiras;
D32: L: | F32: taxa de luco/remuneração;
D33: l: | F33: taxa de incidência de impostos (PIS, COFINS,ISS,CPRB).
D34: BDI: | E34: =(((1+R11+R13+R14)*(1+R12)*(1+R21))/(1-R15))-1 -> 0.28302813
H35: ___________________________
D36: TAXA ANALÍTICA DE BDI (%): | P36: =E34 -> 0.28302813
C37: Observações:
C38: I - | D38: Portaria n° 545, de 11 de junho de 2012, publicada no Diário Oficial de União de 12 de junho de 2012 e Lei n° 12.546/11, incluído pela Lei n° 12.844/13, publicada em Edição Extra do DOU de 19/07/2103;
C39: II - | D39: O percentual total apurado do BDI deverá incidir de forma direta sobre o somatório dos custos totais de cada item de serviço;
C40: III - | D40: Os tributos IRPJ e CSLL não deverão integrar o calculo do BDI, nem tampouco a planilha de custo direto, por se constituirem em tributos de natureza direta e personalística, que oneram pessoalmente o contratado, não devendo ser repassado à contratante, conforme Súmula/TCU n° 254/2010;
C41: IV - | D41: A inserção do item "I" decorre das alterações promovidas pela Lei n° 12.844/2103, conforme orientação do Acórdão TCU n° 2.293/2013-Plenário.
P42: BOM JESUS-GO, 22 DE MAIO DE 2025.
C46: ___________________________________________________
C47: ='[6]P.O.'!D124 -> YANNE DUARTE GONZAGA
C48: ='[6]P.O.'!D125 -> ENG.ª CIVIL CREA 1022369989/AP-GO

Sheet GOINFRA
A1: Tabela de Preços: TABELA DE CUSTOS DE OBRAS CIVIS - T291 - FEVEREIRO/2025 - COM DESONERAÇÃO Data Base: 01/02/2025
A2: Código Auxiliar | B2: Serviço | C2: Unidade | D2: Material | E2: Mão-de- obra | F2: Total
A3: 164 | B3: SERVIÇOS PRELIMINARES
A4: 20000 | B4: SERVIÇOS PRELIMINARES | C4: S/U | D4: 0 | E4: 0 | F4: 0
A5: 20100 | B5: DEMOLIÇÃO MANUAL - COBERTURA TELHA METÁLICA COM TRANSPORTE ATÉ CAÇAMBA E CARGA | C5: m2 | D5: 0 | E5: 3.55 | F5: 3.55
A6: 20101 | B6: DEMOLIÇÃO MANUAL DE COBERTURA EM TELHA CERAMICA COM TRANSPORTE ATÉ CAÇAMBA E CARGA | C6: m2 | D6: 0 | E6: 5.68 | F6: 5.68
A7: 20102 | B7: DEMOLICAO MANUAL COBERTURA TELHA FIBROCIMENTO/FIBRA DE VIDRO/ SIMILARES C/ TRANSP. ATÉ CB. E CARGA | C7: m2 | D7: 0 | E7: 3.15 | F7: 3.15
A8: 20103 | B8: DEMOLIÇÃO MANUAL ESTRUTURA EM MADEIRA TELHADO COM TRANSPORTE ATÉ CAÇAMBA E CARGA | C8: m2 | D8: 0 | E8: 16.42 | F8: 16.42
A9: 20104 | B9: DEMOLIÇÃO MANUAL DE RIPA COM TRANSPORTE ATÉ CAÇAMBA E CARGA | C9: m2 | D9: 0 | E9: 1.36 | F9: 1.36
A10: 20105 | B10: DEMOLIÇÃO MANUAL FORRO PAULISTA COM TRANSPORTE ATÉ CAÇAMBA E CARGA | C10: m2 | D10: 0 | E10: 3.78 | F10: 3.78
A11: 20106 | B11: REMOÇÃO MANUAL DE JANELA OU PORTAL COM TRANSPORTE ATÉ CAÇAMBA E CARGA | C11: m2 | D11: 0 | E11: 6.31 | F11: 6.31
A12: 20107 | B12: CORTE, DESTOCAMENTO, RETIRADA E REATERRO (MANUAIS) DE ÁRVORE GRANDE PORTE (H = 8 A 10 M / DIÂMETRO TRONCO 60 A 70CM E COPA DE 10 A 13M ) C/ TRANSPORTE ATE CAÇAMBA E CARGA | C12: Un | D12: 0 | E12: 532.71 | F12: 532.71
A13: 20108 | B13: DEMOLIÇÃO MANUAL PISO/VIGA DE MADEIRA COM TRANSPORTE ATÉ CAÇAMBA E CARGA | C13: m2 | D13: 0 | E13: 14.21 | F13: 14.21
A14: 20109 | B14: DEMOLIÇÃO MANUAL DE PISO CIMENTICIO SOBRE LASTRO DE CONCRETO COM TRANSPORTE ATE CAÇAMBA E CARGA | C14: m2 | D14: 0 | E14: 14.36 | F14: 14.36
A15: 20110 | B15: DEMOLIÇÃO MANUAL DE PISO EM LADRILHO HIDRAULICO COM TRANSPORTE ATE CAÇAMBA E CARGA | C15: m2 | D15: 0 | E15: 8.84 | F15: 8.84
... A88: 21602 | B88: EPI/PGR/PCMSO/EXAMES/TREINAMENTOS/VISITAS - ÁREAS EDIFICADAS/COBERTAS/ FECHADAS | C88: m2 | D88: 48.22 | E88: 0 | F88: 48.22
A89: 165 | B89: TRANSPORTES
A90: 30000 | B90: TRANSPORTES | D90: 0 | E90: 0 | F90: 0
A91: 30101 | B91: TRANSPORTE DE ENTULHO EM CAMINHÃO INCLUSO A CARGA MANUAL | C91: m3 | D91: 40.12 | E91: 9.86 | F91: 49.98
A92: 30104 | B92: TRANSPORTE DE ENTULHO CAÇAMBA ESTACIONÁRIA SEM CARGA | C92: m3 | D92: 84.18 | E92: 0 | F92: 84.18
A93: 30105 | B93: TRANSPORTE DE ENTULHO EM CAÇAMBA ESTACIONÁRIA INCLUSO A CARGA MANUAL | C93: m3 | D93: 84.18 | E93: 8.9 | F93: 93.08
A94: 30106 | B94: TRANSPORTE DE ENTULHO EM CAMINHÃO SEM CARGA | C94: m3 | D94: 40.12 | E94: 0 | F94: 40.12
A95: 30110 | B95: TRANSPORTE DE MATERIAIS/EQUIPAMENTOS/OUTROS ( INCLUSIVE OS DA MOBILIZAÇÃO E DESMOBILIZAÇÃO ) - CAMINHÃO CARROCERIA MADEIRA 15 T ( INCLUSO NO VALOR O RETORNO ) | C95: tkm | D95: 0.69 | E95: 0 | F95: 0.69
A96: 30112 | B96: CARGA DOS MATERIAIS/EQUIPAMENTOS/OUTROS ( INCLUSO HORA IMPRODUTIVA DO CAMINHÃO) | C96: un | D96: 104.45 | E96: 84.13 | F96: 188.58
A97: 30113 | B97: DESCARGA DOS MATERIAIS/EQUIPAMENTOS/OUTROS ( INCLUSO HORA IMPRODUTIVA DO CAMINHÃO) | C97: un | D97: 104.45 | E97: 84.13 | F97: 188.58
A98: 30114 | B98: MOBILIZAÇÃO DO CANTEIRO DE OBRAS - INCLUSIVE CARGA E DESCARGA E A HORA IMPRODUTIVA DO CAMINHÃO - ( EXCLUSO O TRANSPORTE ) | C98: un | D98: 208.9 | E98: 168.27 | F98: 377.17
A99: 30116 | B99: DESMOBILIZAÇÃO DO CANTEIRO DE OBRAS - INCLUSIVE CARGA E DESCARGA E A HORA IMPRODUTIVA DO CAMINHÃO - ( EXCLUSO O TRANSPORTE ) | C99: un | D99: 208.9 | E99: 168.27 | F99: 377.17
A100: 30117 | B100: MOBILIZAÇÃO DE CONTAINER | C100: UNXKM | D100: 12.04 | E100: 0 | F100: 12.04
A101: 30118 | B101: DESMOBILIZAÇÃO DE CONTAINER | C101: UNXKM | D101: 12.04 | E101: 0 | F101: 12.04
A102: 30119 | B102: CARGA, MANOBRA E DESCARGA DE CONTAINER | C102: un | D102: 38.73 | E102: 3.49 | F102: 42.22
A103: 166 | B103: SERVIÇO EM TERRA
A104: 40000 | B104: SERVICO EM TERRA | D104: 0 | E104: 0 | F104: 0
A105: 40101 | B105: ESCAVACAO MANUAL DE VALAS < 1 MTS. (OBRAS CIVIS) | C105: m3 | D105: 0 | E105: 35.15 | F105: 35.15
A106: 40103 | B106: ESCAVAÇAO MANUAL DE VALAS PROF. 1 A 2 M | C106: m3 | D106: 0 | E106: 44.51 | F106: 44.51
A107: 40104 | B107: ESCAVAÇAO MANUAL DE VALAS PROF. 2 A 4 M | C107: m3 | D107: 0 | E107: 50 | F107: 50
A108: 40902 | B108: REATERRO COM APILOAMENTO | C108: m3 | D108: 0 | E108: 23.29 | F108: 23.29
A109: 40904 | B109: REATERRO COM APILOAMENTO MECÂNICO | C109: m3 | D109: 0.61 | E109: 3.32 | F109: 3.93
A110: 40905 | B110: APILOAMENTO MECÂNICO | C110: m2 | D110: 0.11 | E110: 0.33 | F110: 0.44
A111: 41001 | B111: ESCAVAÇÃO CAMPO ABERTO COM TRANSPORTE MANUAL DE TERRA | C111: m3 | D111: 0 | E111: 40.14 | F111: 40.14
A112: 41002 | B112: APILOAMENTO | C112: m2 | D112: 0 | E112: 5.48 | F112: 5.48
A113: 41003 | B113: ATERRO INTERNO SEM APILOAMENTO COM TRANSPORTE EM CARRINHO MÃO | C113: m3 | D113: 0 | E113: 27.4 | F113: 27.4
A114: 41004 | B114: ESCAVACAO MECANICA | C114: m3 | D114: 2.43 | E114: 0 | F114: 2.43
A115: 41005 | B115: CARGA MECANIZADA | C115: m3 | D115: 1.53 | E115: 0 | F115: 1.53
A116: 41006 | B116: TRANSPORTE DE MATERIAL ESCAVADO M3.KM | C116: m3km | D116: 2.81 | E116: 0 | F116: 2.81
... A124: 41160 | B124: SOLO CIMENTO 1:12 | C124: m3 | D124: 90.5 | E124: 66.27 | F124: 156.77
A125: 167 | B125: FUNDAÇÕES E SONDAGENS
A126: 50000 | B126: FUNDACOES E SONDAGENS | D126: 0 | E126: 0 | F126: 0
A127: 50101 | B127: SONDAGENS PARA INTERIOR - (OBRAS CIVIS) | C127: m | D127: 93.77 | E127: 0 | F127: 93.77
A128: 50102 | B128: TRANSPORTE EQUIPAMENTOS PARA SONDAGEM (INCLUSO VALOR DE RETORNO) | C128: Km | D128: 5.52 | E128: 0 | F128: 5.52
A129: 50103 | B129: SONDAGENS PARA GOIÂNIA - (OBRAS CIVIS) | C129: m | D129: 66.94 | E129: 0 | F129: 66.94
A130: 50201 | B130: EMBASAMENTO COM TIJOLO COMUM | C130: m3 | D130: 475.25 | E130: 278.72 | F130: 753.97
A131: 50204 | B131: EMBASAMENTO COM PEDRA MARROADA | C131: m3 | D131: 272.89 | E131: 249.12 | F131: 522.01
A132: 50250 | B132: TRAÇO DE CONCRETO | C132: Un | D132: 1486.62 | E132: 0 | F132: 1486.62
A133: 50251 | B133: CORPO DE PROVA | C133: Un | D133: 15 | E133: 0 | F133: 15
A134: 50301 | B134: ESTACA A TRADO DIAM.25 CM SEM FERRO | C134: M | D134: 22.12 | E134: 26.34 | F134: 48.46
A135: 50302 | B135: ESTACA A TRADO DIAM.30 CM SEM FERRO | C135: M | D135: 31.86 | E135: 37.94 | F135: 69.8
A136: 50620 | B136: PEDRA MARROADA COM LANCAMENTO | C136: m3 | D136: 143.19 | E136: 41.78 | F136: 184.97
A137: 50901 | B137: ESCAVACAO MANUAL DE VALAS (SAPATAS/BLOCOS) | C137: m3 | D137: 0 | E137: 44.51 | F137: 44.51
A138: 50902 | B138: APILOAMENTO (BLOCOS/SAPATAS) | C138: m2 | D138: 0 | E138: 5.48 | F138: 5.48
... A173: 52014 | B173: ACO CA-60 - 5,0 MM - (OBRAS CIVIS) | C173: Kg | D173: 9.45 | E173: 2.51 | F173: 11.96
A174: 168 | B174: ESTRUTURA
A175: 60000 | B175: ESTRUTURA | D175: 0 | E175: 0 | F175: 0
A176: 60010 | B176: VERGA/CONTRAVERGA EM CONCRETO ARMADO FCK = 20 MPA | C176: m3 | D176: 1868.47 | E176: 726.03 | F176: 2594.5
A177: 60103 | B177: ESCORAMENTO METALICO - VIGAS/LAJES (ALUGUEL/MES) | C177: m2xmes | D177: 21.17 | E177: 1.37 | F177: 22.54
A178: 60104 | B178: ANDAIME METALICO TORRE (ALUGUEL/MES) | C178: mxmes | D178: 32.09 | E178: 3.04 | F178: 35.13
A179: 60105 | B179: ANDAIME METALICO FACHADEIRO (ALUGUEL/MES) | C179: m2xmes | D179: 19.39 | E179: 3.86 | F179: 23.25
A180: 60160 | B180: EPS 20 MM PARA JUNTA DILATAÇÃO | C180: m2 | D180: 28.55 | E180: 1.94 | F180: 30.49
A181: 60180 | B181: FORMA CHAPA DE COMPENSADO RESINADO 6 MM U=3V (PARA PLACAS/TAMPAS E DIVISÓRIAS PRÉ-MOLDADAS EM CONCRETO) | C181: m2 | D181: 12.95 | E181: 9.21 | F181: 22.16
A182: 60191 | B182: FORMA DE TABUA CINTA BALDRAME U=8 VEZES | C182: m2 | D182: 22.73 | E182: 10.96 | F182: 33.69
A183: 60192 | B183: FORMA DE TABUA CINTA/PILAR SOBRE/ENTRE ALVENARIA U=8 VEZES | C183: m2 | D183: 16.16 | E183: 10.96 | F183: 27.12
A184: 60201 | B184: FORMA CURVA COM TABUA E CHAPA DE COMPENSADO RESINADO U=2 V - (O.C.) | C184: m2 | D184: 55.33 | E184: 89.99 | F184: 145.32
A185: 60202 | B185: FORMA TABUA COM REAPROVEITAMENTO 2 VEZES - (OBRAS CIVIS) | C185: m2 | D185: 69.22 | E185: 52 | F185: 121.22
A186: 60203 | B186: FORMA CHAPA DE COMPENSADO RESINADO 12 MM U=3 V (OBRAS CIVIS) | C186: m2 | D186: 51.37 | E186: 42.8 | F186: 94.17
A187: 60204 | B187: FORMA CHAPA DE COMPENSADO PLASTIFICADO 17MM U=4 V (OBRAS CIVIS) | C187: m2 | D187: 51.33 | E187: 40.21 | F187: 91.54
... A246: 67082 | B246: TRATAMENTO DE CONCRETO APARENTE 2 DEMÃOS (COM PINTURA DE CIMENTO CP32/CIMENTO BRANCO/POLÍMEROS ACRÍLICOS/ÁGUA - TRAÇO: 1 POLÍM.:6,6667 CP32: 3,3333 CIBRANCO - EM VOLUME) - INCLUSA A LAVAGEM COM JATO D'ÁGUA | C246: m2 | D246: 2.37 | E246: 6.82 | F246: 9.19
A247: 169 | B247: INST. ELÉT./TELEFÔNICA/CABEAMENTO ESTRUTURADO
A248: 70000 | B248: INST. ELET./TELEFONICA/CABEAMENTO ESTRUTURADO | D248: 0 | E248: 0 | F248: 0
A249: 70204 | B249: ALÇA PRÉ-FORMADA DE DISTRIBUIÇÃO CA/CAA 4 AWG | C249: Un | D249: 3.28 | E249: 8.99 | F249: 12.27
A250: 70207 | B250: ANEL GUIA Nº 02 | C250: Un | D250: 5.05 | E250: 5.39 | F250: 10.44
A251: 70211 | B251: ANILHA PLÁSTICA 2,5 CM | C251: Un | D251: 0.2 | E251: 0.46 | F251: 0.66
A252: 70218 | B252: ARAME DE AÇO GALVANIZADO Nº 12 BWG | C252: M | D252: 0.78 | E252: 1.46 | F252: 2.24
A253: 70229 | B253: ARAME GALVANIZADO 12 BWG | C253: Kg | D253: 17.55 | E253: 32.63 | F253: 50.18
A254: 70230 | B254: ARMACAO SECUNDARIA LEVE 1 ELEMENTO | C254: Un | D254: 21.86 | E254: 10.79 | F254: 32.65
A255: 70231 | B255: ARMACAO SECUNDARIA LEVE 2 ELEMENTOS | C255: Un | D255: 26.06 | E255: 16.19 | F255: 42.25
A256: 70232 | B256: ARMACAO SECUNDARIA LEVE 3 ELEMENTOS | C256: Un | D256: 31.78 | E256: 21.59 | F256: 53.37
A257: 70233 | B257: ARMACAO SECUNDARIA LEVE 4 ELEMENTOS | C257: Un | D257: 49.97 | E257: 23.39 | F257: 73.36
A258: 70240 | B258: ARMACAO SECUNDARIA PESADA 1 ELEMENTO | C258: Un | D258: 23.28 | E258: 10.79 | F258: 34.07
A259: 70241 | B259: ARMACAO SECUNDARIA PESADA 2 ELEMENTOS | C259: Un | D259: 45.58 | E259: 16.19 | F259: 61.77
A260: 70242 | B260: ARMACAO SECUNDARIA PESADA 3 ELEMENTOS | C260: Un | D260: 63.32 | E260: 21.59 | F260: 84.91
... A975: 72661 | B975: VERGALHAO ROSCA TOTAL D=5/16" | C975: M | D975: 9.65 | E975: 8.63 | F975: 18.28
A976: 170 | B976: INSTALAÇÕES HIDRO-SANITÁRIAS
A977: 80000 | B977: INSTALAÇÕES HIDROSSANITÁRIAS | C977: S/U | D977: 0 | E977: 0 | F977: 0
A978: 80500 | B978: L O U C A S E M E T A I S | D978: 0 | E978: 0 | F978: 0
A979: 80501 | B979: V A S O S A N I T A R I O / A C E S S O R I O S | D979: 0 | E979: 0 | F979: 0
A980: 80502 | B980: VASO SANITÁRIO CONVENCIONAL (1ª LINHA) | C980: Un | D980: 268.42 | E980: 68.03 | F980: 336.45
A981: 80503 | B981: VASO SANITÁRIO PARA PcD SEM ABERTURA FRONTAL (1ª LINHA) | C981: un | D981: 843.37 | E981: 68.03 | F981: 911.4
A982: 80504 | B982: VASO SANITÁRIO COM CAIXA ACOPLADA COM DUPLO ACIONAMENTO (1ª LINHA) - COMPLETO EXCLUSO O ASSENTO | C982: Un | D982: 594 | E982: 86.39 | F982: 680.39
A983: 80505 | B983: VASO SANITÁRIO PARA PcD COM CAIXA ACOPLADA COM DUPLO ACIONAMENTO (1ª LINHA) - COMPLETO EXCLUSO O ASSENTO | C983: un | D983: 1454.47 | E983: 86.39 | F983: 1540.86
A984: 80508 | B984: BACIA TURCA COM TUBO DE LIGAÇÃO | C984: Un | D984: 634.67 | E984: 72 | F984: 706.67
A985: 80510 | B985: ANEL DE VEDAÇÃO PARA VASO SANITÁRIO | C985: Un | D985: 12.06 | E985: 5.39 | F985: 17.45
...

Sheet P.O.
G2: ESTADO DE GOIÁS
G3: MUNICÍPIO DE BOM JESUS
C4: OBRA: | D4: ='MEMÓRIA DE CÁLCULO'!C7 -> REFORMA DE PINTURA DO PARQUE DE EXPOSIÇÃO MUNICIPAL "ADELMO HENRIQUES DA SILVA"
C5: LOCAL: | D5: ='MEMÓRIA DE CÁLCULO'!C8 -> AV. BRASÍLIA, N° 687, BAIRRO PADRE NOSSO, BOM JESUS-GO
C6: REF.: | D6: ='MEMÓRIA DE CÁLCULO'!C9 -> TABELA 291 - CUSTOS DE OBRAS CIVIS - FEVEREIRO/2025 - COM DESONERAÇÃO
C7: DATA BASE: | D7: ='MEMÓRIA DE CÁLCULO'!C10 -> 45689
C8: BDI: | D8: ='BDI (2)'!P36 -> 0.28302813
C9: EXECUÇÃO: | D9: TERCEIRIZAÇÃO GLOBAL
B10: PLANILHA ORÇAMENTÁRIA REFERENCIAL DE CUSTO
B11: ITEM | C11: TABELA | D11: CÓDIGO | E11: SERVIÇO | F11: UNID. | G11: QUANT. | H11: C.SERV | I11: C.SERV C/BDI | J11: TOTAL (R$) | K11: PESO (%)
B12: 01 | C12: GOINFRA | D12: 187 | E12: =IF(C12="GOINFRA",VLOOKUP(D12,GOINFRA,2,),IF([7]P.O!C15="SINAPI",VLOOKUP([7]P.O!D15,SINAPI,2,),"-")) -> ADMINISTRAÇÃO - MENSALISTAS | I12: SUBTOTAL | J12: =J13 -> 3001 | K12: =J12/$J$18 -> 0.033008916
B13: 1.1 | C13: GOINFRA | D13: 250103 | E13: =IF(C13="GOINFRA",VLOOKUP(D13,GOINFRA,2,),IF([7]P.O!C16="SINAPI",VLOOKUP([7]P.O!D16,SINAPI,2,),"-")) -> ENCARREGADO - (OBRAS CIVIS) | F13: =IF(C13="GOINFRA",VLOOKUP(D13,GOINFRA,3,),IF([7]P.O!C16="SINAPI",VLOOKUP([7]P.O!D16,SINAPI,3,),"-")) -> H | G13: ='MEMÓRIA DE CÁLCULO'!I16 -> 100 | H13: =IF(C13="GOINFRA",VLOOKUP(D13,GOINFRA,6,),IF([7]P.O!C16="SINAPI",VLOOKUP([7]P.O!D16,SINAPI,4,),"-")) -> 23.39 | I13: =H13*(1+$D$8) -> 30.010028 | J13: =ROUND(G13*I13,2) -> 3001 | K13: =J13/$J$18 -> 0.033008916
B14: 02 | C14: GOINFRA | D14: 188 | E14: =IF(C14="GOINFRA",VLOOKUP(D14,GOINFRA,2,),IF([7]P.O!C17="SINAPI",VLOOKUP([7]P.O!D17,SINAPI,2,),"-")) -> PINTURA | I14: SUBTOTAL | J14: =SUM(J15:J17) -> 87913.83 | K14: =J14/$J$18 -> 0.96699108
B15: 2.1 | C15: GOINFRA | D15: 261000 | E15: =IF(C15="GOINFRA",VLOOKUP(D15,GOINFRA,2,),IF([7]P.O!C18="SINAPI",VLOOKUP([7]P.O!D18,SINAPI,2,),"-")) -> PINTURA LATEX ACRILICA 2 DEMAOS C/SELADOR | F15: =IF(C15="GOINFRA",VLOOKUP(D15,GOINFRA,3,),IF([7]P.O!C18="SINAPI",VLOOKUP([7]P.O!D18,SINAPI,3,),"-")) -> m2 | G15: ='MEMÓRIA DE CÁLCULO'!I19 -> 4242.7638 | H15: =IF(C15="GOINFRA",VLOOKUP(D15,GOINFRA,6,),IF([7]P.O!C18="SINAPI",VLOOKUP([7]P.O!D18,SINAPI,4,),"-")) -> 12.69 | I15: =H15*(1+$D$8) -> 16.281627 | J15: =ROUND(G15*I15,2) -> 69079.1 | K15: =J15/$J$18 -> 0.75982213
B16: 2.3 | C16: GOINFRA | D16: 261602 | E16: =IF(C16="GOINFRA",VLOOKUP(D16,GOINFRA,2,),IF([7]P.O!C22="SINAPI",VLOOKUP([7]P.O!D22,SINAPI,2,),"-")) -> PINTURA TINTA ESMALTE PARA ESQUADRIAS DE FERRO C FUNDO ANTICORROSIVO | F16: =IF(C16="GOINFRA",VLOOKUP(D16,GOINFRA,3,),IF([7]P.O!C21="SINAPI",VLOOKUP([7]P.O!D21,SINAPI,3,),"-")) -> m2 | G16: ='MEMÓRIA DE CÁLCULO'!I107 -> 213.52 | H16: =IF(C16="GOINFRA",VLOOKUP(D16,GOINFRA,6,),IF([7]P.O!C21="SINAPI",VLOOKUP([7]P.O!D21,SINAPI,4,),"-")) -> 25.87 | I16: =H16*(1+$D$8) -> 33.191938 | J16: =ROUND(G16*I16,2) -> 7087.14 | K16: =J16/$J$18 -> 0.077953619
B17: 2.4 | C17: GOINFRA | D17: 261703 | E17: =IF(C17="GOINFRA",VLOOKUP(D17,GOINFRA,2,),IF([7]P.O!C23="SINAPI",VLOOKUP([7]P.O!D23,SINAPI,2,),"-")) -> PINTURA TINTA POLIESPORTIVA - 2 DEMÃOS (PISOS E CIMENTADOS) | F17: =IF(C17="GOINFRA",VLOOKUP(D17,GOINFRA,3,),IF([7]P.O!C22="SINAPI",VLOOKUP([7]P.O!D22,SINAPI,3,),"-")) -> m2 | G17: ='MEMÓRIA DE CÁLCULO'!I129 -> 749.275 | H17: =IF(C17="GOINFRA",VLOOKUP(D17,GOINFRA,6,),IF([7]P.O!C22="SINAPI",VLOOKUP([7]P.O!D22,SINAPI,4,),"-")) -> 12.22 | I17: =H17*(1+$D$8) -> 15.678604 | J17: =ROUND(G17*I17,2) -> 11747.59 | K17: =J17/$J$18 -> 0.12921533
E18: TOTAL DOS SERVIÇOS : | J18: =SUMIF(I:I,"SUBTOTAL",J:J) -> 90914.83 | K18: =SUMIF(I:I,"SUBTOTAL",K:K) -> 1
K19: ='MEMÓRIA DE CÁLCULO'!I148 -> BOM JESUS-GO, 22 DE MAIO DE 2025.
C22: ='MEMÓRIA DE CÁLCULO'!B151 -> ________________________________________________________
C23: Yanne Duarte Gonzaga
C24: Eng.ª Civil - CREA 1022369989/D-GO

Sheet MEMÓRIA DE CÁLCULO
F2: ESTADO DE GOIÁS
F4: MUNICÍPIO DE BOM JESUS
B7: OBRA: | C7: REFORMA DE PINTURA DO PARQUE DE EXPOSIÇÃO MUNICIPAL "ADELMO HENRIQUES DA SILVA"
B8: LOCAL: | C8: AV. BRASÍLIA, N° 687, BAIRRO PADRE NOSSO, BOM JESUS-GO
B9: REF.: | C9: TABELA 291 - CUSTOS DE OBRAS CIVIS - FEVEREIRO/2025 - COM DESONERAÇÃO
B10: DATA BASE: | C10: 45689
B11: EXECUÇÃO: | C11: TERCEIRIZAÇÃO GLOBAL
B12: MEMÓRIA DE CÁLCULO DE SERVIÇOS
B13: ='P.O.'!B12 -> 01 | C13: SERVIÇO | D13: UNID. | E13: QUANT.
B14: ='P.O.'!B12 -> 01 | C14: ='P.O.'!E12 -> ADMINISTRAÇÃO - MENSALISTAS
B15: ='P.O.'!B13 -> 1.1 | C15: ='P.O.'!E13 -> ENCARREGADO - (OBRAS CIVIS)
C16: DURAÇÃO DE 30DIAS ACOMPANHAMENTO DE 5H/DIA | F16: 5 | G16: 5 | H16: 4 | I16: =H16*G16*F16 -> 100
B18: ='P.O.'!B14 -> 02 | C18: ='P.O.'!E14 -> PINTURA
B19: ='P.O.'!B15 -> 2.1 | C19: PINTURA LATEX ACRILICO 2 DEMAOS | I19: =SUM(I20:I106) -> 4242.7638
C20: Edificação abrigo de animais bovinos corte - unidades 10 e 12 | E20: 1 | F20: 33.75 | G20: 4 | H20: 2 | I20: =F20*G20*H20*E20 -> 270
C21: Pilar 15x30 | E21: 2 | F21: =2*0.15+2*0.3 -> 0.9 | G21: 14 | H21: 3.8 | I21: =F21*G21*H21*E21 -> 95.76
E22: 2 | F22: =2*0.3+2*0.3 -> 1.2 | G22: 2 | H22: 3.8 | I22: =F22*G22*H22*E22 -> 18.24
E23: 2 | F23: 1.7 | G23: 4 | H23: 1 | I23: =F23*G23*H23*E23 -> 13.6
E24: 2 | F24: 1 | G24: 4 | H24: 1 | I24: =F24*G24*H24*E24 -> 8
E25: 2 | F25: 4.6 | G25: 2 | H25: 3.5 | I25: =F25*G25*H25*E25 -> 64.4
C26: Desconto abertura 2,00x2,2 | E26: 2 | F26: 2 | G26: 2.2 | H26: -2 | I26: =F26*G26*H26*E26 -> -17.6
C27: Meio fio 15x30 | E27: 2 | F27: 0.32 | G27: =33.75+2*1.9 -> 37.55 | H27: 2 | I27: =F27*G27*H27*E27 -> 48.064
C28: Cocho/bebedouro 0,85x2,78 | E28: 2 | F28: 0.85 | G28: 0.45 | H28: =2*25 -> 50 | I28: =F28*G28*H28*E28 -> 38.25
E29: 2 | F29: 33.75 | G29: 0.45 | H29: =2*2 -> 4 | I29: =F29*G29*H29*E29 -> 121.5
C30: Stand Assitência Social - unidade 17 | E30: 1 | F30: 33.45 | G30: 2 | H30: 2 | I30: =F30*G30*H30*E30 -> 133.8
C31: PILARES | E31: 2 | F31: =0.15+2*0.3 -> 0.75 | G31: 3.8 | H31: 6 | I31: =F31*G31*H31*E31 -> 34.2
E32: 2 | F32: =0.3*2+0.3 -> 0.9 | G32: 3.8 | H32: 1 | I32: =F32*G32*H32*E32 -> 6.84
E33: 2 | F33: 1 | G33: 1 | H33: 4 | I33: =F33*G33*H33*E33 -> 8
E34: 2 | F34: 4.6 | G34: 3.5 | H34: 2 | I34: =F34*G34*H34*E34 -> 64.4
C35: Desconto porta 2,00x2,20 | E35: 2 | F35: 2 | G35: 2.2 | H35: -2 | I35: =F35*G35*H35*E35 -> -17.6
C36: Divisorias box | E36: 10 | F36: 0.5 | G36: 1.8 | H36: 1 | I36: =F36*G36*H36*E36 -> 9
E37: 10 | F37: 3.3 | G37: 1.8 | H37: 2 | I37: =F37*G37*H37*E37 -> 118.8
C38: Edificação abrigo de animais equinos - unidade 8 | E38: 4 | F38: 33.7 | G38: 2.5 | H38: 2 | I38: =F38*G38*H38*E38 -> 674
C39: BAIAS | E39: 2 | F39: 2.45 | G39: 2.5 | H39: 11 | I39: =F39*G39*H39*E39 -> 134.75
C40: Porta 1,00x2,00 | E40: 2 | F40: 1 | G40: 2 | H40: -22 | I40: =F40*G40*H40*E40 -> -88
C41: FRENTE/FUNDO | E41: 2 | F41: 1.7 | G41: 3.5 | H41: 2 | I41: =F41*G41*H41*E41 -> 23.8
C42: FRENTE/FUNDO | E42: 2 | F42: 1 | G42: 3.5 | H42: 2 | I42: =F42*G42*H42*E42 -> 14
C43: FRENTE/FUNDO | E43: 2 | F43: 4.6 | G43: 3.5 | H43: 2 | I43: =F43*G43*H43*E43 -> 64.4
C44: Abertura porta 2,00X2,20 | E44: 2 | F44: 2 | G44: 2.2 | H44: -2 | I44: =F44*G44*H44*E44 -> -17.6
C45: Desconto janela 1,50X1,00 | E45: 2 | F45: 1.5 | G45: 1 | H45: -22 | I45: =F45*G45*H45*E45 -> -66
C46: Sanitário púbico 1 - unidade 14 externas | E46: 2 | F46: 7.15 | G46: 3.5 | H46: 1 | I46: =F46*G46*H46*E46 -> 50.05
C47: Desconto janela Jm1 1,50X0,50 | E47: 2 | F47: 1.5 | G47: 0.5 | H47: -1 | I47: =F47*G47*H47*E47 -> -1.5
C48: Desconto janela Jm2 2,00X0,50 | E48: 2 | F48: 2 | G48: 0.5 | H48: -3 | I48: =F48*G48*H48*E48 -> -6
C49: Fundo | E49: 2 | F49: 19.95 | G49: 3.5 | H49: 1 | I49: =F49*G49*H49*E49 -> 139.65
... C51: Sanitário púbico 1 - internas masculino | E51: 2 | F51: 7.15 | G51: 0.84 | H51: 1 | I51: =F51*G51*H51*E51 -> 12.012
E52: 2 | F52: 7.85 | G52: 0.84 | H52: 1 | I52: =F52*G52*H52*E52 -> 13.188
E53: 1 | F53: 3.66 | G53: 0.84 | H53: 2 | I53: =F53*G53*H53*E53 -> 6.1488
C54: hall de entrada | E54: 1 | F54: 1.25 | G54: 0.84 | H54: 1 | I54: =F54*G54*H54*E54 -> 1.05
E55: 1 | F55: 1.25 | G55: 3.5 | H55: 1 | I55: =F55*G55*H55*E55 -> 4.375
C56: Sanitário púbico 1 - internas feminino | E56: 1 | F56: 7.15 | G56: 0.84 | H56: 2 | I56: =F56*G56*H56*E56 -> 12.012
E57: 1 | F57: 11.95 | G57: 0.84 | H57: 2 | I57: =F57*G57*H57*E57 -> 20.076
E58: 2 | F58: 3.45 | G58: 0.84 | H58: 2 | I58: =F58*G58*H58*E58 -> 11.592
C59: hall de entrada | E59: 1 | F59: 1.25 | G59: 0.84 | H59: 1 | I59: =F59*G59*H59*E59 -> 1.05
E60: 3 | F60: 1.25 | G60: 3.5 | H60: 1 | I60: =F60*G60*H60*E60 -> 13.125
E61: 1 | F61: 1.85 | G61: 2.1 | H61: 1 | I61: =F61*G61*H61*E61 -> 3.885
E62: 1 | F62: 2.3 | G62: 2.1 | H62: 1 | I62: =F62*G62*H62*E62 -> 4.83
C63: Sanitáro público 2 - unidade 20 | E63: 2 | F63: 7.15 | G63: 4 | H63: 3 | I63: =F63*G63*H63*E63 -> 171.6
E64: 2 | F64: 1.5 | G64: 2 | H64: 8 | I64: =F64*G64*H64*E64 -> 48
E65: 2 | F65: 1.35 | G65: 2 | H65: 8 | I65: =F65*G65*H65*E65 -> 43.2
E66: 2 | F66: 4.45 | G66: 2 | H66: 2 | I66: =F66*G66*H66*E66 -> 35.6
E67: 2 | F67: 5.1 | G67: 2 | H67: 2 | I67: =F67*G67*H67*E67 -> 40.8
E68: 2 | F68: 9.05 | G68: 4 | H68: 2 | I68: =F68*G68*H68*E68 -> 144.8
E69: 2 | F69: 0.95 | G69: 4 | H69: 2 | I69: =F69*G69*H69*E69 -> 15.2
E70: 2 | F70: 1.05 | G70: 4 | H70: 2 | I70: =F70*G70*H70*E70 -> 16.8
C71: Desconto Jm2 2,00X0,50 | E71: 2 | F71: 2 | G71: 0.5 | H71: -2 | I71: =F71*G71*H71*E71 -> -4
C72: Desconto Pm4 0,80X2,10 | E72: 2 | F72: 0.8 | G72: 2.1 | H72: -2 | I72: =F72*G72*H72*E72 -> -6.72
C73: Desconto Pm2 0,60X1,6 | E73: 2 | F73: 0.6 | G73: 1.6 | H73: -18 | I73: =F73*G73*H73*E73 -> -34.56
C74: GABINETE - unidade 3 | E74: 2 | F74: 9.15 | G74: 3.9 | H74: 1 | I74: =H74*G74*F74*E74 -> 71.37
C75: Desconto Jm5 0,50X0,40 | E75: 2 | F75: 0.5 | G75: 0.4 | H75: -2 | I75: =H75*G75*F75*E75 -> -0.8
C76: Desconto Pm1 0,90X2,10 | E76: 2 | F76: 0.9 | G76: 2.1 | H76: -5 | I76: =H76*G76*F76*E76 -> -18.9
E77: 2 | F77: 6.95 | G77: 3.9 | H77: 2 | I77: =H77*G77*F77*E77 -> 108.42
C78: Desconto Jm4 1,20X1,00 | E78: 2 | F78: 1.2 | G78: 1 | H78: -3 | I78: =H78*G78*F78*E78 -> -7.2
E79: 3 | F79: 1.85 | G79: 2.9 | H79: 2 | I79: =H79*G79*F79*E79 -> 32.19
E80: 1 | F80: 3.95 | G80: 2.9 | H80: 2 | I80: =H80*G80*F80*E80 -> 22.91
C81: PILAR 15X15 | E81: 3 | F81: =4*0.15 -> 0.6 | G81: 3.1 | H81: 1 | I81: =H81*G81*F81*E81 -> 5.58
C82: Desconto Jm4 1,20X1,00 | E82: 2 | F82: 1.2 | G82: 1 | H82: -3 | I82: =H82*G82*F82*E82 -> -7.2
C83: BILHETERIAS - unidade 1 | E83: 3 | F83: 4 | G83: 4 | H83: 2 | I83: =H83*G83*F83*E83 -> 96
E84: 2 | F84: 3.1 | G84: 4 | H84: 2 | I84: =H84*G84*F84*E84 -> 49.6
C85: Desconto Jm5 0,50X0,40 | E85: 4 | F85: 0.5 | G85: 0.4 | H85: -2 | I85: =H85*G85*F85*E85 -> -1.6
E86: 1 | F86: 2.1 | G86: 2.9 | H86: 2 | I86: =H86*G86*F86*E86 -> 12.18
E87: 1 | F87: 1.35 | G87: 2.9 | H87: 2 | I87: =H87*G87*F87*E87 -> 7.83
C88: Desconto Pm4 0,90X2,10 | E88: 2 | F88: 0.9 | G88: 2.1 | H88: -2 | I88: =H88*G88*F88*E88 -> -7.56
E89: 1 | F89: 5.6 | G89: 2.5 | H89: 2 | I89: =H89*G89*F89*E89 -> 28
E90: 1 | F90: 6.55 | G90: 2.5 | H90: 2 | I90: =H90*G90*F90*E90 -> 32.75
E91: 1 | F91: 3.8 | G91: 2.5 | H91: 2 | I91: =H91*G91*F91*E91 -> 19
E92: 1 | F92: 6.55 | G92: 2.5 | H92: 2 | I92: =H92*G92*F92*E92 -> 32.75
C93: STAND EXPOSITORES - unidades 4,5,6,7 e 9
D94: 5 | E94: 2 | F94: 3.9 | G94: 3.42 | H94: 2 | I94: =H94*G94*F94*E94*D94 -> 266.76
D95: 5 | E95: 2 | F95: 2.7 | G95: 3.42 | H95: 2 | I95: =H95*G95*F95*E95*D95 -> 184.68
C96: DESCONTO 0,90X2,10 | D96: 5 | E96: 2 | F96: 0.9 | G96: 2.1 | H96: -1 | I96: =H96*G96*F96*E96*D96 -> -18.9
C97: DESCONTO 1,20X1,00 | D97: 5 | E97: 2 | F97: 1.2 | G97: 1 | H97: -1 | I97: =H97*G97*F97*E97*D97 -> -12
C98: PILAR | D98: 5 | E98: 5 | F98: =4*0.15 -> 0.6 | G98: 3.5 | H98: 1 | I98: =H98*G98*F98*E98*D98 -> 52.5
C99: Caixa d'água
C100: 2*PI*R*H | E100: 2 | F100: 3.14 | G100: 1.5 | H100: 12.8 | I100: =E100*F100*G100*H100 -> 120.576
C101: Rotary Club | E101: 1 | F101: 14.7 | G101: 3.9 | H101: 2 | I101: =E101*F101*G101*H101 -> 114.66
E102: 1 | F102: 23.1 | G102: 3.9 | H102: 2 | I102: =E102*F102*G102*H102 -> 180.18
E103: 1 | F103: 5.2 | G103: 3.9 | H103: 2 | I103: =E103*F103*G103*H103 -> 40.56
E104: 1 | F104: 3.4 | G104: 3.9 | H104: 2 | I104: =E104*F104*G104*H104 -> 26.52
E105: 1 | F105: 11.3 | G105: 3.9 | H105: 2 | I105: =E105*F105*G105*H105 -> 88.14
E106: 1 | F106: 28.3 | G106: 3.9 | H106: 2 | I106: =E106*F106*G106*H106 -> 220.74
...

Sheet CRONOGRAMA
E3: ESTADO DE GOIÁS
E4: MUNICÍPIO DE BOM JESUS
C6: OBRA: | D6: ='MEMÓRIA DE CÁLCULO'!C7 -> REFORMA DE PINTURA DO PARQUE DE EXPOSIÇÃO MUNICIPAL "ADELMO HENRIQUES DA SILVA"
C7: LOCAL: | D7: ='MEMÓRIA DE CÁLCULO'!C8 -> AV. BRASÍLIA, N° 687, BAIRRO PADRE NOSSO, BOM JESUS-GO
C8: REF.: | D8: ='MEMÓRIA DE CÁLCULO'!C9 -> TABELA 291 - CUSTOS DE OBRAS CIVIS - FEVEREIRO/2025 - COM DESONERAÇÃO
C9: DATA BASE: | D9: ='MEMÓRIA DE CÁLCULO'!C10 -> 45689
C10: BDI: | D10: ='P.O.'!D8 -> 0.28302813
C11: EXECUÇÃO: | D11: ='MEMÓRIA DE CÁLCULO'!C11 -> TERCEIRIZAÇÃO GLOBAL
C13: CRONOGRAMA FÍSICO - FINANCEIRO
C14: CÓDIGO | D14: SERVIÇOS | E14: VALOR | F14: % | G14: 45 DIAS
C16: ='P.O.'!B12 -> 01 | D16: ='P.O.'!E12 -> ADMINISTRAÇÃO - MENSALISTAS | E16: ='P.O.'!J12 -> 3001 | F16: =E16/$E$23 -> 0.033008916 | G16: =G18/$E$23 -> 0.033008916
G18: =E16*100% -> 3001
C19: ='P.O.'!B14 -> 02 | D19: ='P.O.'!E14 -> PINTURA | E19: ='P.O.'!J14 -> 87913.83 | F19: =E19/$E$23 -> 0.96699108 | G19: =G21/$E$23 -> 0.96699108
G21: =E19*100% -> 87913.83
D22: VALOR TOTAL MENSAL | G22: =G18+G21 -> 90914.83
D23: VALOR TOTAL ACUMULADO | E23: =SUM(E16:E21) -> 90914.83 | G23: =G22 -> 90914.83
D24: PERCENTUAL TOTAL MENSAL | G24: =G16+G19 -> 1
D25: PERCENTUAL TOTAL ACUMULADO | F25: =SUM(F16:F21) -> 1 | G25: =G24 -> 1
G26: ='MEMÓRIA DE CÁLCULO'!I148 -> BOM JESUS-GO, 22 DE MAIO DE 2025.
C28: ='MEMÓRIA DE CÁLCULO'!B151 -> ________________________________________________________
C29: ='P.O.'!C23 -> Yanne Duarte Gonzaga
C30: ='P.O.'!C24 -> Eng.ª Civil - CREA 1022369989/D-GO
